 Dungeon Crawl Stone Soup version 0.25.0-9-g26727b657a (webtiles) character file.

Game seed: 9031896488369485302

65 Lidrum the Cudgeler (level 3, -6/33 HPs)
             Began as a Minotaur Berserker on June 19, 2020.
             Was a Believer of Trog.
             Killed by divine providence
             ... invoked by an orc priest
              (9 damage)
             ... on level 3 of the Dungeon.
             The game lasted 00:04:49 (1464 turns).

Lidrum the Cudgeler (Minotaur Berserker)            Turns: 1464, Time: 00:04:49

Health: -6/33      AC:  8    Str: 22    XL:     3   Next: 94%
Magic:  2/2        EV:  8    Int: 10    God:    Trog [**....]
Gold:   42         SH:  0    Dex:  9    Spells: 2/2 levels left

rFire    + . .     SeeInvis .   a - +0 mace
rCold    . . .     Gourm    .   (no shield)
rNeg     . . .     Faith    .   i - +0 chain mail (curse)
rPois    .         Spirit   .   (helmet restricted)
rElec    .         Reflect  .   (no cloak)
rCorr    .         Harm     .   (no gloves)
MR       .....                  (no boots)
Stlth    ..........             o - amulet of regeneration
HPRegen  0.51/turn              k - +6 ring of intelligence
MPRegen  0.08/turn              l - ring of protection from fire

@: no status effects
A: retaliatory headbutt, horns 2
a: Berserk, Trog's Hand, Renounce Religion


You were on level 3 of the Dungeon.
You worshipped Trog.
Trog was pleased with you.
You were hungry.

You visited 1 branch of the dungeon, and saw 3 of its levels.

You collected 42 gold pieces.

Inventory:

Hand Weapons
 a - a +0 mace (weapon)
Armour
 i - a cursed +0 chain mail (worn)
Jewellery
 k - a +6 ring of intelligence (left hand)
 l - a ring of protection from fire (right hand)
 o - an amulet of regeneration (around neck)
Scrolls
 b - a scroll of remove curse {unknown}
 d - 5 scrolls of identify {unknown}
 g - a scroll of blinking {unknown}
 h - a scroll of fear {unknown}
 m - a scroll of amnesia {unknown}
 q - a scroll of fog {unknown}
 r - a scroll of magic mapping {unknown}
Potions
 e - a potion of heal wounds {unknown}
 f - a potion of lignification {unknown}
 j - a potion of cancellation {unknown}
 n - a potion of brilliance {unknown}
 p - a potion of mutation {unknown}
 s - a potion of curing {unknown}
Comestibles
 c - 5 rations


   Skills:
 - Level 3.6 Fighting
 + Level 5.8 Maces & Flails
 + Level 2.5 Armour
 - Level 2.2 Dodging


You had 2 spell levels left.
You didn't know any spells.
Your spell library was empty.

Dungeon Overview and Level Annotations

Branches:
Dungeon (3/15)

Altars:


Innate Abilities, Weirdness & Mutations

You reflexively headbutt those who attack you in melee.
You have a pair of horns on your head.


Message History

The orc priest is heavily wounded.
The orc priest completely misses you.
You hit the orc priest. Your headbutt misses the orc priest.
The orc priest is severely wounded.
The orc priest hits you but does no damage.
You hit the orc priest. Your headbutt misses the orc priest.
The orc priest is severely wounded.
The orc priest calls down the wrath of Beogh upon you.
Beogh smites you!
* * * LOW HITPOINT WARNING * * *
Your chain mail prevents you from hitting the orc priest.
The orc priest is severely wounded.
The orc priest calls down the wrath of Beogh upon you.
Pain shoots through your body!
* * * LOW HITPOINT WARNING * * *
You closely miss the orc priest. Your headbutt misses the orc priest.
The orc priest is severely wounded.
The orc priest calls down the wrath of Beogh upon you.
Beogh smites you!
You die...

.. ....##
..#....
#.#...#
#.#.#.#
#.....###
#...<...#
#.#.###+####
#.#o#.......
#...@(......
###.#.......
#.########
#.# ..# ..#
..>+ ...#


You could see an orc priest.

Vanquished Creatures
  2 adders
  3 dart slugs
  3 leopard geckos
  4 orcs (D:3)
  6 bats
  5 goblins
  2 hobgoblins (D:1)
  7 kobolds
  2 ball pythons
  A frilled lizard (D:1)
35 creatures vanquished.

Notes
Turn   | Place    | Note
-------+----------+-------------------------------------------
     0 | D:1      | Lidrum the Minotaur Berserker began the quest for the Orb.
     0 | D:1      | Reached XP level 1. HP: 19/19 MP: 0/0
    72 | D:1      | Reached skill level 4 in Maces & Flails
   171 | D:1      | Reached XP level 2. HP: 27/27 MP: 1/1
   616 | D:1      | Reached skill level 5 in Maces & Flails
   682 | D:1      | Reached XP level 3. HP: 33/33 MP: 2/2
   873 | D:2      | Reached ** piety under Trog
  1464 | D:3      | Killed from afar by an orc priest

Illustrated notes

Levels and vault maps discovered:
D:1:      nicolae_arrival_washed_ashore, layout_rooms
D:2:      layout_basic
D:3:      layout_basic, overflow_temple_1_default, okawaru_ov_weapons_minmay

Skill      XL: |  1  2 |
---------------+-------+-----
Maces & Flails | 4 5 |  5.8
Fighting       | |  3.6
Armour         | |  2.5
Dodging        | |  2.2

Action                   || total
-------------------------++-------
Melee: Mace              ||   113
       Headbutt          ||    13
  Eat: Chunk             ||     1
Armor: Animal skin       ||    12
       Chain mail        ||    61
Dodge: Dodged            ||    58
